 Dungeon Crawl Stone Soup version 0.14-a0-3109-ga7442b6 (webtiles) character file.

27 4tharraofdagon the Ogre Mage (level 2, -2/29 HPs)
             Began as an Ogre Wizard on Mar 7, 2014.
             Was an Initiate of Okawaru.
             Slain by a worker ant (4 damage)
             ... on Level 3 of the Dungeon.
             The game lasted 00:02:55 (335 turns).

4tharraofdagon the Ogre Mage (Ogre Wizard)           Turns: 335, Time: 00:02:55

HP  -2/29        AC  3     Str 11      XL: 2   Next: 41%
MP   0/6         EV  9     Int 17      God: Okawaru [......]
Gold 13          SH  0     Dex  8      Spells:  1 memorised,  7 levels left

rFire  . . .     SeeInvis .     h - -2,+0 flail (curse)
rCold  . . .     Clarity  .     a - +0 robe
rNeg   . . .     Conserve .     (shield restricted)
rPois  .         rCorr    .     b - +0 hat
rElec  .         rRot     .     (no cloak)
SustAb . .       Spirit   .     (gloves unavailable)
rMut   .         Warding  .     (boots unavailable)
Saprov + . .     Stasis   .     (no amulet)
MR     .....                    (no ring)
                                (no ring)

@: very slightly contaminated, not resistant to hostile enchantments, unstealthy
A: unfitting armour, fast metabolism 1, saprovore 1, tough skin 1
a: Renounce Religion


You were on level 3 of the Dungeon.
You worshipped Okawaru.
Okawaru was noncommittal.
You were not hungry.

You visited 1 branch of the dungeon, and saw 4 of its levels.

You collected 13 gold pieces.

Inventory:

Hand weapons
 h - a cursed -2,+0 flail (weapon)
Armour
 a - a +0 robe (worn)
 b - a +0 hat (worn)
Comestibles
 d - 3 meat rations
 f - a bread ration
 k - an apricot
Scrolls
 e - a scroll of enchant weapon II {unknown}
 g - a scroll of identify {unknown}
 j - 2 scrolls of remove curse {unknown}
Books
 c - a book of Minor Magic

   Spells                             Type                      Level
   *Magic Dart                        Conjuration                  1
   Blink                              Translocation                2
   Call Imp                           Summoning                    2
   Repel Missiles                     Charms/Air                   2
   Slow                               Hexes                        2
   Conjure Flame                      Conjuration/Fire             3
   Mephitic Cloud                     Conjuration/Poison/Air       3


   Skills:
 + Level 2.5 Fighting
 * Level 0.0 Maces & Flails
 + Level 1.8 Dodging
 - Level 1.5 Stealth
 - Level 3.6 Spellcasting
 - Level 0.6 Conjurations
   Level 0.6 Summonings
   Level 0.6 Translocations


You had 7 spell levels left.
You knew the following spells:

 Your Spells              Type           Power        Failure   Level  Hunger
a - Magic Dart            Conj           #...         14%         1    None


Dungeon Overview and Level Annotations

Branches:
Dungeon (4/16)             Temple (0/1) D:4

Altars:
Okawaru

Annotations:
D:2 Terence
D:3 Grinder
D:4 ciphuk's ghost, average MfDK


Innate Abilities, Weirdness & Mutations

You are too large for most types of armour.
You have a fast metabolism.
You can tolerate rotten meat.
You have tough skin (AC +1).


Message History

The worker ant is moderately wounded.
The worker ant bites you!
* * * LOW HITPOINT WARNING * * *
Drink which item? (? for menu, Esc to quit)
You feel better.
It was a potion of curing.
The worker ant bites you.
* * * LOW HITPOINT WARNING * * *
Unknown command.
You hit the worker ant but do no damage.
The worker ant is lightly wounded.
The worker ant closely misses you. The worker ant bites you.
* * * LOW HITPOINT WARNING * * *
Casting: Magic Dart
Confirm with . or Enter, or press ? or * to list all spells.
Aiming: Magic Dart
Press: ? - help, Shift-Dir - straight line, f/p - worker ant
Aim: a worker ant (lightly wounded)
The magic dart hits the worker ant.
The worker ant is lightly wounded.
The worker ant bites you.
You die...

#######+##
#........#
#........# #
#........####.+
#........ga@..#
+........######
#....>...#
#........#
#........#
#####+####
##### .># ....#
#####.##


You could see a worker ant and a hobgoblin.

Vanquished Creatures
  An adder (D:3)
  A goblin (D:2)
  A hobgoblin (D:3)
  A bat (D:2)
  4 rats (D:1)
8 creatures vanquished.

Notes
Turn   | Place    | Note
--------------------------------------------------------------
     0 | D:1      | 4tharraofdagon, the Ogre Wizard, began the quest for the Orb.
     0 | D:1      | Reached XP level 1. HP: 16/16 MP: 4/4
    19 | D:1      | Reached skill level 1 in Fighting
    89 | D:2      | Found an iron altar of Okawaru.
    94 | D:2      | OMMM
    98 | D:2      | Became a worshipper of Warmaster Okawaru
   146 | D:2      | Noticed Terence
   210 | D:3      | Reached XP level 2. HP: 18/29 MP: 0/6
   260 | D:3      | Noticed Grinder
   290 | D:4      | Noticed ciphuk's ghost (average MfDK)
   292 | D:4      | o
   311 | D:4      | Found a staircase to the Ecumenical Temple.
   335 | D:3      | Slain by a worker ant

Action                   || total
-------------------------++-------
Melee: Unarmed           ||     6
       Flail             ||     4
 Cast: Magic Dart        ||    20
  Use: Scroll            ||     1
       Potion            ||     1
